 Dungeon Crawl Stone Soup version 0.28-a0-657-g71136c5590 (webtiles) character file.

Game seed: 4735200629150467662

2284 KristoblXynda the Covert (level 9, -1/68 HPs)
             Began as a Vampire Gladiator on Oct 13, 2021.
             Slain by a hornet (10 damage)
             ... on level 7 of the Dungeon.
             The game lasted 00:10:21 (6933 turns).

KristoblXynda the Covert (Vampire Gladiator)        Turns: 6933, Time: 00:10:22

Health: -1/68      AC:  6    Str: 16    XL:     9   Next: 17%
Magic:  0/9        EV: 15    Int: 10    God:
Gold:   261        SH:  5    Dex: 16    Spells: 8/8 levels left

rFire   . . .      SeeInvis +   a - +0 long sword
rCold   . . .      Faith    .   l - +0 buckler
rNeg    . . .      Spirit   +   y - +0 steam dragon scales
rPois   .          Reflect  .   c - +0 helmet
rElec   .          Harm     .   (no cloak)
rCorr   .          Rampage  .   (no gloves)
Will    .....                   (no boots)
Stlth   ++++......              j - amulet of guardian spirit
HPRegen 0.41/turn               (no ring)
MPRegen 0.11/turn               (no ring)

@: lethally poisoned (-1 -> -3), healing quickly, slowed, very slow
A: alive, fangs 3, see invisible, vampiric 2
a: Exsanguinate


You were on level 7 of the Dungeon.
You visited 1 branch of the dungeon, and saw 7 of its levels.

You collected 261 gold pieces.

Inventory:

Hand Weapons
 a - a +0 long sword (weapon)
Missiles
 d - 2 throwing nets (quivered)
Armour
 c - a +0 helmet (worn)
 l - a +0 buckler (worn)
 y - +0 steam dragon scales (worn)
Jewellery
 j - an amulet of guardian spirit (around neck)
 w - a ring of flight
Scrolls
 b - a scroll of fear
 f - a scroll of enchant armour {unknown}
 g - a scroll of teleportation {unknown}
 h - 2 scrolls of magic mapping
 r - a scroll of vulnerability {unknown}
 t - a scroll of amnesia {unknown}
 x - a scroll of noise {unknown}
Potions
 e - 3 potions of brilliance
 n - a potion of haste {unknown}
 p - a potion of mutation {unknown}
 u - a potion of attraction {unknown}


   Skills:
 - Level 5.1 Fighting
 + Level 6.8 Long Blades
 - Level 2.0 Throwing
 + Level 7.5 Dodging
 + Level 9.0 Stealth
 + Level 2.3 Shields


You had 8 spell levels left.
You didn't know any spells.
Your spell library contained the following spells:

 Spells                   Type           Power      Damage    Failure   Level
 Sandblast                Erth           0%         2d4       43%         1
 Corpse Rot               Necr/Air       N/A        N/A       56%         2
 Passwall                 Tmut/Erth      0%         N/A       56%         2
 Poisonous Vapours        Pois/Air       0%         N/A       56%         2
 Stone Arrow              Conj/Erth      0%         3d7       80%         3
 Petrify                  Tmut/Erth      0%         N/A       99%         4
 Metabolic Englaciation   Hex/Ice        0%         N/A       100%        5
 Statue Form              Tmut/Erth      0%         N/A       100%        6


Dungeon Overview and Level Annotations

Branches:
Dungeon (8/15)
 Temple: D:4-7         Lair: D:8-11

Altars:
Nemelex Xobeh
Trog
Wu Jian
The Shining One

Shops:
D:1 !   D:5 ?

Annotations:
D:3 Natasha
D:7 Heedrag's ghost, novice DEFE


Innate Abilities, Weirdness & Mutations

Your natural rate of healing is accelerated.
You have razor-sharp teeth.
You have supernaturally acute eyesight. (SInv)
You are afflicted with vampirism and can become a bat while bloodless.


Message History

Throw: 4 throwing nets
Press: ? - help, Q - select action Shift-Dir - straight line, f/p - hornet
Aim: a hornet (lightly wounded, 50% to hit)
You throw a throwing net. The throwing net hits the hornet.
The hornet is caught in the net!
The hornet is lightly wounded.
You feel very sick.
The hornet struggles against the net.
The orc barely misses you.
The hornet struggles against the net.
You hit the hornet. You bite the hornet.
The hornet is moderately wounded.
You feel very sick.
The hornet struggles against the net.
The orc completely misses you.
The hornet struggles against the net.
The net rips apart, and the hornet comes free!
The orc misses you.
Okay, then.
Throw: 3 throwing nets
Press: ? - help, Q - select action Shift-Dir - straight line, f/p - hornet
Aim: a hornet (moderately wounded, 50% to hit)
You throw a throwing net. The throwing net hits the hornet.
The hornet is caught in the net!
The hornet is moderately wounded.
You feel yourself speed up.
You feel sick.
The hornet struggles against the net. x2
You block the orc's attack.
You catch the helpless hornet completely off-guard!
You hit the hornet. You bite the hornet.
The hornet is heavily wounded.
You feel sick.
The hornet struggles against the net.
The orc closely misses you.
The hornet struggles against the net.
The net rips apart, and the hornet comes free!
You slash the hornet! You bite the hornet.
The hornet is severely wounded.
You feel sick. The hornet stings you!
* * * LOW HITPOINT WARNING * * *
You feel yourself slow down. The orc hits you with a +0 falchion.
* * * LOW HITPOINT WARNING * * *
The hornet stings you!
You die...

.# ...........####.#
..### .########'##
#†# ...... #.# #.#
...... #)# #.#
.)..### #.## #.#
....## #..# #.#
#...# ####.####.#
#yo## #.......#.# #.
#@..# #.......#.#
#.##..# #(.†....#
.##.O#..####....####
_..W..#..........#
$:##..#....#.....#
#y##....#.....#
###.....#.....#
#..##.###.#.#
#...##<. ..#.#


You could see a hornet and an orc.

Vanquished Creatures
  3 yaks (D:8)
  A steam dragon (D:8)
  An orc warrior (D:8)
  An ice beast (D:8)
  A black bear (D:8)
  2 ogres
  A centaur (D:7)
  A gnoll sergeant (D:4)
  2 bullfrogs (D:7)
  A scorpion (D:4)
  A water moccasin skeleton (D:5)
  3 wights (D:8)
  2 orc priests (D:7)
  A hound (D:7)
  2 bullfrog skeletons
  A gnoll shaman (D:5)
  2 jellies (D:4)
  An iguana (D:7)
  Terence (D:3)
  Natasha (twice) (D:3)
  4 orc wizards
  A hound zombie (D:5)
  7 adders
  9 gnolls
  A white imp (D:8)
  2 worms (D:2)
  2 dart slugs (D:1)
  17 orcs
  7 endoplasms
  2 giant cockroaches (D:1)
  5 goblins
  12 hobgoblins
  6 jackals (D:2)
  2 quokkas (D:1)
  10 ball pythons
  A bat (D:3)
  A frilled lizard (D:1)
  5 kobolds
  11 rats
135 creatures vanquished.

Vanquished Creatures (others)
  A wyvern (D:7)
1 creature vanquished.

Grand Total: 136 creatures vanquished

Notes
Turn   | Place    | Note
-------+----------+-------------------------------------------
     0 | D:1      | KristoblXynda the Vampire Gladiator began the quest for the
                  | Orb.
     0 | D:1      | Reached XP level 1. HP: 16/16 MP: 1/1
    55 | D:1      | Found Deceniec's Distillery.
    89 | D:1      | Reached XP level 2. HP: 22/22 MP: 2/2
   111 | D:1      | Found a faded altar of an unknown god.
   652 | D:2      | Gained mutation: You are afflicted with vampirism and can
                  | become a bat while bloodless. [Vampire growth]
   652 | D:2      | Reached XP level 3. HP: 23/27 MP: 1/3
   689 | D:2      | Reached skill level 1 in Stealth
   798 | D:2      | Reached XP level 4. HP: 33/34 MP: 2/4
  1437 | D:2      | Reached skill level 2 in Stealth
  1454 | D:3      | Noticed Natasha
  1498 | D:2      | Reached XP level 5. HP: 16/40 MP: 2/5
  1580 | D:3      | Killed Natasha
  1742 | D:3      | Noticed Terence
  1773 | D:3      | Killed Terence
  1774 | D:3      | Reached skill level 3 in Stealth
  2060 | D:3      | Found a sparkling altar of Nemelex Xobeh.
  2491 | D:3      | Noticed Natasha
  2523 | D:3      | Killed Natasha
  2601 | D:3      | Noticed Natasha
  2906 | D:4      | Reached XP level 6. HP: 43/47 MP: 6/6
  2936 | D:4      | Reached skill level 4 in Stealth
  2939 | D:4      | Reached skill level 5 in Dodging
  3237 | D:4      | Reached XP level 7. HP: 25/53 MP: 2/7
  3495 | D:4      | Reached skill level 5 in Stealth
  3989 | D:5      | Entered Level 5 of the Dungeon
  4003 | D:5      | Reached skill level 5 in Long Blades
  4320 | D:5      | Found Bocwydd's Magic Scroll Shop.
  4419 | D:5      | You fall into a shaft and drop 3 floors!
  4457 | D:8      | Reached skill level 6 in Stealth
  4813 | D:8      | Reached XP level 8. HP: 16/61 MP: 3/8
  4958 | D:8      | Found an ornate altar of the Wu Jian Council.
  4964 | D:8      | Noticed a spectral centipede
  4964 | D:8      | Noticed a spectral black mamba
  5458 | D:8      | Reached skill level 7 in Stealth
  5502 | D:8      | Reached skill level 5 in Fighting
  5789 | D:8      | Reached skill level 8 in Stealth
  5810 | D:8      | Reached skill level 1 in Shields
  6430 | D:7      | Reached XP level 9. HP: 49/68 MP: 6/9
  6551 | D:7      | Paralysed by a hornet for 3 turns
  6906 | D:7      | Reached skill level 9 in Stealth
  6913 | D:7      | Noticed a moth of wrath
  6916 | D:7      | Noticed Heedrag's ghost (novice DEFE)
  6918 | D:7      | Found a bloodstained altar of Trog.
  6928 | D:7      | Paralysed by a hornet for 1 turns
  6933 | D:7      | Slain by a hornet

Illustrated notes

Levels and vault maps discovered:
D:1:      dpeg_arrival_shrine, layout_rooms, serial_shops, shop_fountains,
          hellmonk_ecumenical_altar_run_dry
D:2:      layout_loops_ring, minmay_pentomino_w2
D:3:      layout_loops_cross, nemelex_dance_club_becter,
          serial_co_window_serial, co_window_corner_a, co_window_paths_b,
          co_window_paths_b, co_window_of_opportunity_a,
          co_window_of_opportunity_a, co_window_unsneaky_path_b,
          co_window_corner_ca, co_window_of_opportunity_c, co_window_2corner,
          co_window_unsneaky_path_d, co_window_broadway_b, glass_columns_b,
          minmay_misc_feat_x, kennysheep_generic_room_10, uniq_natasha,
          uniq_terence
D:4:      layout_basic, minmay_misc_feat_enclosed, lightli_minifort
D:5:      layout_basic, mainiacjoe_overflow_cross_hatched,
          minmay_temple_entry_overgrown, serial_shops, shop,
          doesnt_shop_hydraphobe
D:7:      layout_basic, makhleb_heckhound_becter, minitemple, tso_altar,
          gammafunk_ghost_wrathful_warriors
D:8:      layout_layer_cave, pdpol_wu_jian_five_deadly_venoms,
          hangedman_decor_push, grunt_ogre_cave, chequers_jeans

Skill      XL: |  1  2  3  4  5  6  7  8  9 |
---------------+----------------------------+-----
Fighting       | 2 3 4 5 |  5.1
Throwing       | 2 |  2.0
Stealth        | 1 2 3 4 6 8 9 |  9.0
Dodging        | 4 5 6 7 |  7.5
Long Blades    | 4 5 6 |  6.8
Shields        | 1 2 |  2.3

Action                   |  1- 3 |  4- 6 |  7- 9 || total
-------------------------+-------+-------+-------++-------
Melee: Long sword        |    99 |   191 |   256 ||   546
       Bite              |     6 |    23 |    37 ||    66
Throw: Throwing net      |       |     1 |     4 ||     5
Evoke: Wand              |       |       |     9 ||     9
  Use: Scroll            |       |     5 |     3 ||     8
       Potion            |       |     2 |     6 ||     8
 Stab: Sleeping          |       |     9 |     5 ||    14
       Invisible         |       |     4 |     3 ||     7
       Distracted        |       |       |     1 ||     1
       Paralysed         |       |       |    19 ||    19
       Held in net/web   |       |       |     3 ||     3
Armor: Leather armour    |    23 |    37 |    35 ||    95
       Steam dragon scal |       |       |     9 ||     9
       Skin              |       |       |    20 ||    20
Dodge: Dodged            |    85 |   132 |   160 ||   377
Block: Buckler           |       |       |    16 ||    16

Table legend: (Time is in decaauts)
 A = Elapsed time spent in this place.
 B = Non-inter-level travel time spent in this place.
 C = Inter-level travel time spent in this place.
 D = Time resting spent in this place.
 E = Time spent auto-exploring this place.
 F = Levels seen in this place.
 G = Mean time per level.
                   A        B        C        D        E       F      G
               +--------+--------+--------+--------+--------+-----+--------+
         Total |   7042 |   6933 |    109 |   1582 |   3636 |   7 | 1006.0 |
       Dungeon |   7042 |   6933 |    109 |   1582 |   3636 |   7 | 1006.0 |
               +--------+--------+--------+--------+--------+-----+--------+

Top non-repeatable levels by time:
     D:8: 2008 daAuts
     D:3: 1325 daAuts
     D:4: 1248 daAuts
     D:2: 972 daAuts
     D:1: 633 daAuts
     D:7: 531 daAuts
     D:5: 323 daAuts
